 Dungeon Crawl Stone Soup version 0.22-a0-580-gd5db89c (webtiles) character file.

58 iamserjio the Chopper (level 4, -1/31 HPs)
             Began as a Halfling Berserker on July 3, 2018.
             Was a Follower of Trog.
             Slain by a leopard gecko (4 damage)
             ... on level 3 of the Dungeon.
             The game lasted 00:02:58 (369 turns).

iamserjio the Chopper (Halfling Berserker)           Turns: 369, Time: 00:02:58

Health: -1/31      AC:  6    Str: 19    XL:     4   Next: 21%
Magic:  4/4        EV: 13    Int:  2    God:    Trog [*.....]
Gold:   27         SH:  0    Dex: 13    Spells: 3/3 levels left

rFire    . . .     SeeInvis .   a - +0 hand axe
rCold    . . .     Gourm    .   (shield restricted)
rNeg     . . .     Faith    .   f - +0 scale mail
rPois    .         Spirit   .   (no helmet)
rElec    .         Reflect  .   (no cloak)
rCorr    .         Harm     .   (no gloves)
MR       .....                  (no boots)
Stlth    ..........             (no amulet)
HPRegen  0.10/turn              d - -3 ring of intelligence (curse)
MPRegen  0.09/turn              (no ring)

@: berserk cooldown, slowed, very slow
A: small, mutation resistance 1
a: Berserk, Renounce Religion


You were on level 3 of the Dungeon.
You worshipped Trog.
Trog was aware of your devotion.
You were hungry.

You visited 1 branch of the dungeon, and saw 3 of its levels.

You collected 27 gold pieces.

Inventory:

Hand Weapons
 a - a +0 hand axe (weapon)
Armour
 b - a +0 animal skin
 f - a +0 scale mail (worn)
Jewellery
 d - a cursed -3 ring of intelligence (left hand)
Scrolls
 e - 3 scrolls of identify {unknown}
Potions
 g - a potion of haste {unknown}
Comestibles
 c - 2 rations
 h - 2 chunks of flesh


   Skills:
 + Level 3.0 Fighting
 * Level 3.6 Axes
 * Level 3.1 Armour
 + Level 2.6 Dodging


You had 3 spell levels left.
You didn't know any spells.
Your spell library was empty.

Dungeon Overview and Level Annotations

Branches:
Dungeon (3/15)

Altars:


Innate Abilities, Weirdness & Mutations

You are small and have problems with some larger weapons.
You are somewhat resistant to further mutation.


Message History

You barely miss the leopard gecko.
You are feeling hungry.
The leopard gecko misses you.
You hit the leopard gecko.
The leopard gecko is lightly wounded.
The leopard gecko completely misses you.
The leopard gecko bites you but does no damage. x2
You miss the leopard gecko.
The leopard gecko is lightly wounded.
The leopard gecko closely misses you.
The leopard gecko bites you but does no damage.
You barely miss the leopard gecko.
The leopard gecko is lightly wounded.
The leopard gecko bites you but does no damage.
The leopard gecko closely misses you.
You miss the leopard gecko.
The leopard gecko is lightly wounded.
The leopard gecko hisses menacingly.
The leopard gecko bites you.
You die...

##############.##
.........@l......
..#####.######.##
..........#
.###.##.#......
.. #.####### ##
#.# #.# #.# #.#


You could see a leopard gecko.

Vanquished Creatures
  Jessica (D:2)
  2 adders (D:2)
  A leopard gecko (D:1)
  2 giant cockroaches (D:1)
  A goblin (D:2)
  A hobgoblin (D:1)
  2 jackals (D:1)
  2 kobolds (D:1)
  A bat (D:1)
  A rat (D:1)
14 creatures vanquished.

Notes
Turn   | Place    | Note
-------+----------+-------------------------------------------
     0 | D:1      | iamserjio the Halfling Berserker began the quest for the Orb.
     0 | D:1      | Reached XP level 1. HP: 15/15 MP: 1/1
   136 | D:1      | Reached XP level 2. HP: 9/20 MP: 2/2
   293 | D:2      | Reached XP level 3. HP: 13/25 MP: 3/3
   331 | D:2      | Noticed Jessica
   339 | D:2      | Killed Jessica
   339 | D:2      | Reached XP level 4. HP: 11/31 MP: 4/4
   369 | D:3      | Slain by a leopard gecko

Vault maps used:
D:1:      scummos_arrival_checkerplants
D:2:      kennysheep_generic_room_9, uniq_jessica
D:3:      minmay_gold_behind_fungi

Skill      XL: |  1  2  3 |
---------------+----------+-----
Fighting       | 3 |  3.0
Armour         | 3 |  3.1
Axes           | |  3.6
Dodging        | |  2.6

Action                   |  1- 3 |  4- 6 || total
-------------------------+-------+-------++-------
Melee: Hand axe          |    63 |    10 ||    73
Invok: Berserk           |     1 |     1 ||     2
Armor: Animal skin       |     1 |       ||     1
       Scale mail        |     4 |     7 ||    11
Dodge: Dodged            |    52 |     7 ||    59

Table legend:
 A = Spawn XP
 B = Non-spawn XP
 C = Spawn XP percentage of total XP
 D = Spawn monster count
 E = Non-spawn monster count
 F = Spawn count percentage of total count
 G = Total turns spent on level
                    A         B        C        D         E        F      G
               +---------+---------+-------+---------+---------+-------+---------
         Total |       0 |      84 |   0.0 |       0 |      14 |   0.0 |   369
               +---------+---------+-------+---------+---------+-------+---------
           D:1 |       0 |      19 |   0.0 |       0 |      10 |   0.0 |   247
           D:2 |       0 |      65 |   0.0 |       0 |       4 |   0.0 |   102
               +---------+---------+-------+---------+---------+-------+---------
